Map: Cerulean Fall LE

Players

HeroMarine - Winner!

  • Race: Terran Terran
  • Spawn Location: 7:00

Future

  • Race: Terran Terran
  • Spawn Location: 1:00

Event: WCS Montreal 2018

VOD

Have the link to the VOD?

Description

Time

  • Played on: Sept. 7, 2018, 4:24 p.m.
  • Length: 11:02

All games in this series

Show
View Real Time Build Order
Export as new Build Order

HeroMarine Terran - Winner!

Build Orders: Bio Tank, Banshee Rush 

Get SALT Encoding   

  12  0:00  SCV  
  13  0:13  SCV  
  14  0:17  Supply Depot  
  14  0:25  SCV  
  15  0:28  Refinery  
  15  0:39  SCV  
  16  0:45  Barracks  
  16  0:52  SCV  
  16  0:55  Refinery  
  17  1:04  SCV  
  18  1:16  SCV  
  19  1:31  Orbital Command  
  19  1:35  Factory  
  19  1:46  Supply Depot  
  19  1:48  Reaper  
  20  1:58  SCV  
  21  2:10  SCV  
  22  2:19  Hellion  
  22  2:21  Reaper  
  22  2:22  SCV  
  26  2:31  Command Center  
  27  2:39  Starport  
  27  2:41  SCV  
  27  2:48  Supply Depot  
  27  2:53  SCV  
  27  2:55  Factory Tech Lab  
  27  2:57  Barracks Reactor  
  28  3:05  SCV  
  29  3:17  SCV  
  30  3:23  Banshee, Cloaking Field  
  33  3:29  Cyclone, SCV  
  33  3:33  Marine  
  33  3:34  Marine  
  39  3:42  SCV  
  39  3:44  Orbital Command  
  40  3:54  SCV  
  41  4:01  Marine x2  
  43  4:03  Factory Tech Lab  
  43  4:06  Banshee  
  43  4:07  SCV  
  47  4:13  SCV  
  46  4:19  SCV  
  47  4:25  SCV  
  47  4:31  SCV  
  49  4:33  Siege Tank  
  49  4:34  Command Center  
  49  4:37  SCV, Supply Depot  
  53  4:42  Supply Depot  
  53  4:43  SCV  
  54  4:55  SCV  
  54  4:57  SCV  
  54  4:59  Raven, Refinery  
  56  5:00  Refinery  
  56  5:01  Marine x2  
  58  5:07  SCV  
  58  5:09  SCV  
  57  5:18  Siege Tank  
  57  5:19  SCV  
  61  5:21  SCV  
  61  5:23  Marine x2  
  61  5:24  Engineering Bay  
  61  5:25  Engineering Bay  
  64  5:30  Supply Depot  
  64  5:31  SCV  
  64  5:33  SCV  
  66  5:41  Marine x2  
  66  5:42  Raven  
  70  5:45  SCV x2  
  70  5:46  Orbital Command  
  72  5:56  Barracks  
  69  5:57  SCV x2  
  69  5:59  Siege Tank  
  69  6:01  Barracks, Marine x2  
  76  6:08  Orbital Command  
  76  6:09  SCV x2  
  78  6:11  Terran Infantry Armor Level 1, Terran Infantry Weapons Level 1  
  78  6:20  Supply Depot  
  78  6:21  SCV  
  78  6:22  SCV  
  80  6:31  Starport Reactor  
  80  6:32  Siege Tank  
  83  6:33  Barracks  
  83  6:34  SCV x2  
  83  6:35  Barracks  
  83  6:37  SCV  
  81  6:40  Marine  
  81  6:42  Stimpack  
  81  6:46  SCV x2  
  84  6:49  SCV  
  84  6:51  Barracks Tech Lab  
  85  6:58  SCV x2  
  85  7:00  Refinery  
  85  7:01  SCV, Marine x3, Refinery  
  85  7:04  Sensor Tower  
  85  7:07  Supply Depot  
  85  7:08  Supply Depot  
  89  7:10  SCV x2, Supply Depot  
  89  7:13  Marine  
  89  7:14  SCV, Combat Shields, Siege Tank  
  96  7:19  Marine x2  
  96  7:22  SCV x2, Armory  
  100  7:26  SCV  
  100  7:27  Barracks Reactor  
  100  7:28  Barracks Reactor  
  101  7:34  SCV x2  
  101  7:36  Marine x2  
  101  7:37  Marine  
  101  7:38  SCV  
  101  7:42  Marine  
  102  7:46  SCV x2, Siege Tank  
  102  7:50  SCV  
  104  7:54  Marine x2  
  104  7:55  Marine  
  104  7:57  Factory  
  107  8:00  Marine  
  107  8:05  Marine x2  
  109  8:06  Medivac x2  
  109  8:11  Supply Depot  
  109  8:12  Missile Turret, Terran Infantry Weapons Level 2, Marine x3, Supply Depot  
  116  8:14  Terran Infantry Armor Level 2  
  116  8:16  Marine x2  
  116  8:18  Marine  
  120  8:23  Marine x2  
  120  8:25  Siege Tank, Supply Depot x2  
  125  8:29  SCV  
  125  8:33  SCV x2  
  125  8:34  Marine x3  
  127  8:41  SCV, Marine  
  129  8:42  Marine  
  128  8:51  Marine x3  
  128  8:53  SCV  
  128  8:54  Medivac x2  
  126  8:57  Siege Tank, Marine x2  
  126  8:58  Marine  
  126  8:59  Marine  
  133  9:09  Marine x2  
  132  9:10  Marine  
  132  9:14  Marine x2  
  132  9:19  Command Center  
  132  9:20  Marine x2  
  132  9:24  Medivac x2, Barracks Reactor  
  136  9:26  Marine  
  136  9:27  Marine  
  136  9:28  Marine  
  136  9:29  Siege Tank  
  144  9:32  Marine x2  
  144  9:36  Siege Tank  
  149  9:47  Marine  
  149  9:48  Marine  
  149  9:51  Marine  
  149  9:55  Marine x4  
  149  9:57  Command Center  
  145  10:01  Siege Tank, Marine x2  
  145  10:04  Marine  
  145  10:06  Marine  
  148  10:09  Marine  
  148  10:12  Supply Depot x3  
  148  10:13  Supply Depot  
  149  10:14  Siege Tank, Marine x4  
  149  10:15  Barracks  
  149  10:16  Barracks  
  149  10:19  Marine  
  157  10:23  Supply Depot  
  157  10:33  Marine x8  
  172  10:37  Marine  
Show
View Real Time Build Order
Export as new Build Order

Future Terran 

Build Orders: Reaper Expand, MMM Bio 

Get SALT Encoding   

  12  0:01  SCV  
  13  0:13  SCV  
  14  0:18  Supply Depot  
  14  0:25  SCV  
  15  0:40  SCV  
  15  0:41  Barracks  
  16  0:45  Refinery  
  16  0:52  SCV  
  17  1:05  SCV  
  18  1:17  SCV  
  19  1:28  Reaper  
  19  1:29  Orbital Command  
  20  1:42  Command Center  
  20  1:52  Supply Depot  
  20  1:54  SCV  
  20  2:00  Reaper  
  22  2:04  Refinery  
  22  2:06  SCV  
  23  2:18  SCV  
  24  2:23  Factory  
  24  2:30  SCV  
  24  2:33  Bunker  
  24  2:35  Barracks Reactor  
  25  2:42  SCV  
  26  2:54  SCV  
  26  2:56  Orbital Command  
  27  3:07  SCV  
  28  3:15  Cyclone x2  
  28  3:19  SCV  
  35  3:22  SCV  
  36  3:31  SCV  
  36  3:32  Command Center  
  37  3:34  SCV  
  38  3:43  SCV  
  38  3:44  Supply Depot  
  38  3:45  Barracks Tech Lab  
  38  3:46  SCV  
  40  3:57  SCV  
  40  3:58  Cyclone, SCV  
  45  4:03  Supply Depot  
  45  4:06  Cyclone  
  45  4:09  SCV, Marine  
  50  4:10  SCV  
  50  4:12  Stimpack  
  51  4:21  SCV  
  51  4:22  SCV  
  52  4:32  Engineering Bay  
  52  4:33  SCV  
  52  4:35  SCV  
  52  4:36  Marine  
  55  4:43  Barracks  
  55  4:44  Barracks  
  55  4:45  SCV  
  55  4:46  Orbital Command  
  55  4:47  SCV  
  55  4:48  Factory Reactor  
  54  4:57  SCV  
  54  4:59  Missile Turret  
  54  5:01  SCV  
  53  5:09  SCV  
  53  5:13  SCV x2  
  53  5:15  Missile Turret  
  53  5:17  Marine  
  54  5:22  Terran Infantry Weapons Level 1  
  54  5:23  SCV  
  54  5:25  SCV  
  54  5:27  SCV  
  57  5:35  SCV  
  58  5:37  SCV  
  58  5:39  Starport, Factory Reactor  
  58  5:40  SCV  
  59  5:47  SCV  
  59  5:49  Refinery  
  60  5:50  Refinery  
  60  5:55  SCV  
  62  5:59  Marine x4  
  62  6:02  Marine  
  62  6:03  SCV  
  67  6:07  SCV  
  67  6:08  Supply Depot  
  67  6:09  Supply Depot  
  68  6:15  SCV  
  69  6:19  SCV, Combat Shields  
  69  6:23  Factory Tech Lab  
  69  6:24  Marine x5  
  75  6:26  Medivac  
  75  6:30  Medivac  
  75  6:31  Supply Depot  
  79  6:34  Supply Depot  
  79  6:42  SCV, Marine x3  
  79  6:43  Orbital Command  
  79  6:44  Marine x2  
  86  6:47  SCV  
  86  6:54  SCV  
  86  6:58  Siege Tank  
  86  6:59  Marine  
  86  7:00  Marine x2  
  92  7:04  SCV, Supply Depot  
  92  7:07  SCV  
  94  7:16  SCV x2  
  94  7:17  Marine x2  
  94  7:18  Marine  
  94  7:20  Medivac x2  
  102  7:26  SCV, Supply Depot  
  102  7:27  Supply Depot  
  102  7:28  SCV, Marine x2  
  106  7:39  SCV x2  
  106  7:40  SCV  
  106  7:41  Marine  
  106  7:43  Marine x2  
  112  7:44  Sensor Tower, Siege Tank  
  112  7:51  SCV  
  112  7:53  Refinery x2  
  112  7:54  Armory  
  112  7:57  Engineering Bay, Terran Infantry Armor Level 1  
  112  7:58  SCV x2  
  115  8:05  Marine x5  
  118  8:11  Medivac x2  
  124  8:14  SCV x3  
  124  8:16  Siege Tank  
  124  8:18  Supply Depot  
  130  8:22  Supply Depot  
  130  8:23  Marine  
  130  8:24  Marine x2  
  133  8:36  SCV, Marine x2  
  133  8:41  Marine x3  
  119  8:50  Siege Tank  
  119  8:54  Marine x2  
  120  8:56  SCV  
  120  8:57  SCV, Barracks  
  120  8:58  Barracks  
  120  8:59  Marine x2  
  120  9:00  Factory, Marine  
  125  9:09  Command Center  
  123  9:12  Marine  
  123  9:14  Marine  
  119  9:17  Marine x2  
  119  9:22  Siege Tank  
  124  9:24  Marine  
  124  9:29  Marine  
  124  9:30  Barracks  
  126  9:31  Barracks  
  126  9:32  Marine  
  126  9:33  Barracks  
  126  9:35  Marine  
  126  9:36  Marine  
  129  9:38  Medivac  
  129  9:42  Marine  
  129  9:43  Medivac  
  129  9:44  Marine  
  135  9:47  Marine  
  135  9:48  Marine  
  135  9:49  Marine  
  125  9:52  Marine  
  125  9:54  Siege Tank  
  125  9:55  Marine  
  126  10:00  Marine  
  126  10:05  Marine  
  121  10:07  Marine  
  121  10:08  Barracks Reactor x2  
  121  10:10  Factory Tech Lab, Marine  
  121  10:11  SCV  
  121  10:13  SCV, Marine  
  121  10:14  SCV  
  125  10:17  Marine  
  126  10:23  SCV, Marine  
  126  10:24  Sensor Tower  
  126  10:25  Marine  
  129  10:28  Marine  
  129  10:31  Marine  
  129  10:35  Marine  
  133  10:41  Marine  
  121  10:43  Marine  
Tags
 
Add a new tag
Caveats
  • Supply blocks, unpowered buildings, or Contaminate may cause inaccurate times.
  • Supply counts are checked every 10 seconds.